 Dungeon Crawl Stone Soup version 0.18.1-6-gd335043 (webtiles) character file.

44952 NoLuckNoSkill the Eclecticist (level 13, -1/63 HPs)
             Began as a Deep Elf Conjurer on May 16, 2016.
             Was an Elder of Vehumet.
             Slain by a dire elephant (22 damage)
             ... on level 8 of the Lair of Beasts.
             The game lasted 01:11:45 (23333 turns).

NoLuckNoSkill the Eclecticist (Deep Elf Conjurer)  Turns: 23333, Time: 01:11:46

Health: -1/63      AC: 16    Str:  2    XL:     13   Next: 99%
Magic:  1/34       EV: 18    Int: 26    God:    Vehumet [****..]
Gold:   1092       SH:  5    Dex: 15    Spells: 10 memorised, 0 levels left

rFire  + . .     SeeInvis +     B - +2 flail (protect)
rCold  + . .     Gourm    .     a - +0 robe
rNeg   . . .     Faith    .     i - +0 buckler {reflect}
rPois  .         Spirit   .     c - +4 hat of Fomez {+Blink rF+ Str-3}
rElec  +         Dismiss  .     (no cloak)
rCorr  .         Reflect  +     X - +1 pair of gloves {archery}
SustAt .         Harm     .     w - +0 pair of boots
MR     ++...     Clarity  +     (no amulet)
Stlth  ++........               C - ring "Plog" {rElec rC+ MR+ SInv Stlth+}
                                A - +2 ring of protection (curse)

@: deflect missiles, very resistant to hostile enchantments, unstealthy
A: clarity
a: Renounce Religion, Evoke Blink


You were on level 8 of the Lair of Beasts.
You worshipped Vehumet.
Vehumet was greatly pleased with you.
You were not hungry.

You visited 3 branches of the dungeon, and saw 17 of its levels.
You also visited: Ossuary.

You collected 1092 gold pieces.

Inventory:

Hand Weapons
 B - a +2 flail of protection (weapon)
 E - the cursed +1 arbalest of Defence by Offence {penet, Dex+2 Stlth+, unknown}
   (You found it on level 8 of the Lair of Beasts)

   Ammo fired by it will pass through the targets it hits, potentially hitting
   all targets in its path until it reaches maximum range.
   It affects your dexterity (+2).
   It makes you more stealthy.
   It has a curse placed upon it.
Armour
 a - a +0 robe (worn)
 c - the +4 hat of Fomez (worn) {+Blink rF+ Str-3}
   (You acquired it on level 1 of the Lair of Beasts)

   It affects your strength (-3).
   It protects you from fire.
   It lets you blink.
 i - a +0 buckler of reflection (worn)
 w - a +0 pair of boots (worn)
 X - a +1 pair of gloves of archery (worn)
Magical Staves
 v - an uncursed staff of energy
Jewellery
 j - a +2 ring of slaying
 A - a cursed +2 ring of protection (left hand)
 C - the ring "Plog" (right hand) {rElec rC+ MR+ SInv Stlth+}
   (You found it on level 6 of the Dungeon)

   [ring of see invisible]

   It protects you from cold.
   It insulates you from electricity.
   It affects your resistance to hostile enchantments.
   It lets you see invisible.
   It makes you more stealthy.
Wands
 x - a wand of iceblast (7/15)
 H - a wand of iceblast (6/15)
Scrolls
 d - 9 scrolls of identify
 g - 2 scrolls of enchant armour
 k - 3 scrolls of recharging
 l - 5 scrolls of teleportation
 n - 2 scrolls of enchant weapon
 o - 11 scrolls of remove curse
 t - a scroll of fog
 y - 2 scrolls of noise
 K - 4 scrolls of magic mapping
 Y - a scroll of blinking
Potions
 e - 4 potions of curing
 p - 5 potions of brilliance
 q - 4 potions of haste
 r - a potion of ambrosia
 u - a potion of agility
 z - 2 potions of cure mutation
 J - 4 potions of lignification
 N - 3 potions of magic
 Q - 2 potions of heal wounds
 S - 3 potions of invisibility
 V - a potion of flight
Books
 s - a book of Death

   Spells                             Type                      Level
   a - Corpse Rot                     Necromancy                   2
   b - Sublimation of Blood           Necromancy                   2
   c - Agony                          Necromancy                   5
   d - Dispel Undead                  Necromancy                   5
   e - Excruciating Wounds            Charms/Necromancy            5
   f - Bolt of Draining               Conjuration/Necromancy       5
 G - a book of the Sky

   Spells                             Type                      Level
   a - Summon Lightning Spire         Summoning/Air                4
   b - Airstrike                      Air                          4
   c - Silence                        Hexes/Air                    5
   d - Deflect Missiles               Charms/Air                   6
   e - Conjure Ball Lightning         Conjuration/Air              6
   f - Tornado                        Air                          9
 U - a book of Burglary

   Spells                             Type                      Level
   a - Swiftness                      Charms/Air                   2
   b - Passwall                       Transmutation/Earth          2
   c - Passage of Golubria            Translocation                4
   d - Lee's Rapid Deconstruction     Earth                        5
   e - Darkness                       Hexes                        6
   f - Invisibility                   Hexes                        6
Miscellaneous
 L - an ornate deck of wonders
Comestibles
 b - a bread ration
 f - 18 royal jellies
 h - 28 fruits
 m - 3 chunks of flesh
 D - 7 slices of pizza


   Skills:
 - Level 10.1 Dodging
 - Level 2.4 Stealth
 - Level 4.0 Shields
 - Level 15.1 Spellcasting
 - Level 11.7 Conjurations
 - Level 12.6 Charms
 - Level 1.9 Fire Magic
 + Level 13.3 Air Magic


You couldn't memorise any spells.
You knew the following spells:

 Your Spells              Type           Power        Failure   Level  Hunger
a - Magic Dart            Conj           ####         1%          1    None
b - Searing Ray           Conj           ######       1%          2    None
c - Dazzling Spray        Conj/Hex       ######..     1%          3    None
d - Iskenderun's Mystic   Conj           ######..     1%          4    None
e - Fulminant Prism       Conj/Hex       ######....   1%          4    None
f - Iskenderun's Battles  Conj/Chrm      ######..     1%          5    #......
g - Inner Flame           Hex/Fire       ###.....     2%          3    None
h - Deflect Missiles      Chrm/Air       ######....   1%          6    ####...
i - Fireball              Conj/Fire      ######....   1%          5    #......
j - Tornado               Air            ######....   99%         9    #######


Dungeon Overview and Level Annotations

Branches:
Dungeon (8/15)             Temple (1/1) D:5            Lair (8/8) D:8
  Swamp (0/4) Lair:4        Snake (0/4) Lair:6        Slime (0/6) Lair:8

Altars:
Ashenzari
Cheibriados
Dithmenos
Elyvilon
Fedhas
Gozag
Kikubaaqudgha
Makhleb
Nemelex Xobeh
Okawaru
Pakellas
Qazlal
Ru
Sif Muna
Trog
Vehumet
Xom
Yredelemnul
Zin
The Shining One


Innate Abilities, Weirdness & Mutations

You possess an exceptional clarity of mind.


Message History

Aim: a dire elephant (heavily wounded)
The searing ray hits the dire elephant.
The dire elephant is heavily wounded.
Your battlesphere fires!
The barrage of energy hits the dire elephant.
The dire elephant is heavily wounded.
The dire elephant closely misses you. x2
The searing ray hits the dire elephant.
The dire elephant is severely wounded.
Your battlesphere fires!
The barrage of energy hits the dire elephant.
The dire elephant is severely wounded.
The dire elephant barely misses you. The dire elephant trunk-slaps you!
The dire elephant tramples you!
You stumble backwards!
Splash!
You fall into the shallow water.
Moving in this stuff is going to be slow.
The dire elephant completely misses you.
The dire elephant trunk-slaps you. The dire elephant tramples you!!
You die...

#...........♣ #.#####...#
P...........♣##.#..'..###
PP..........♣#..#..'.##
.P..........##.##..#.#
.......P...###.#...###
..........♣#...#8.8#
#.........##.####'##
#.##.P.##.#..#*...##
#.P...P#..#.##≈≈@Y.#
....#.##..#.#≈≈≈≈≈≈#
.....#.##.#.#.≈≈≈≈≈#
....#..##.#.##.≈≈≈##
..........#.####++#
..........#.8##
..........'..8#
....###...'.⌠.# ....#
#...'..8#


You could see a dire elephant and a friendly battlesphere.

Vanquished Creatures
  Nessos (Lair:8)
  Snorg (Lair:8)
  6 hydras
  Harold (Lair:1)
  An anaconda (Lair:8)
  5 death yaks
  Urug (Lair:4)
  Sonja (Lair:4)
  A lindwurm (Lair:8)
  Pikel (D:5)
  A griffon (Lair:8)
  The ghost of mistymad the Skirmisher, a novice MiBe of Trog (D:5)
  15 elephants
  6 black mambas
  Joseph (D:7)
  6 spiny frogs
  A torpor snail (Lair:6)
  2 rime drakes
  8 komodo dragons
  A queen bee (Lair:7)
  A polar bear (Lair:6)
  3 giant leeches (Lair:4)
  14 blink frogs
  Prince Ribbit (D:5)
  A spriggan (D:8)
  21 yaks
  A basilisk (Lair:7)
  A fire elemental (Lair:4)
  6 hippogriffs
  A swamp worm (Lair:4)
  Duvessa (D:4)
  15 water moccasins
  6 porcupines
  2 orc warriors
  An ice beast (D:7)
  A slave (D:5)
  2 black bears
  4 phantoms
  A wasp (D:8)
  2 ogres
  23 wolves
  4 sky beasts
  A centaur (D:8)
  10 crocodiles
  A big kobold (D:8)
  13 giant frogs
  Dowan (D:5)
  A scorpion (D:4)
  29 killer bees
  4 wights (D:6)
  An electric eel (Lair:7)
  2 giant frog zombies
  A quasit (D:8)
  The ghost of Charly the Ruffian, a weakling VSTm (D:3)
  3 giant frog skeletons (D:6)
  2 jellies
  A gnoll shaman (D:5)
  8 orc priests
  8 hounds
  A centaur skeleton (D:7)
  7 iguanas
  Natasha (thrice) (D:4)
  8 orc wizards
  6 worker ants
  22 sheep
  4 big kobold zombies (Ossuary)
  A hound zombie (D:7)
  A hound skeleton (D:6)
  2 mummies (Ossuary)
  2 worker ant zombies (D:5)
  Robin (D:3)
  7 gnolls
  9 adders
  65 river rats
  2 shadow imps
  An ooze (D:2)
  4 adder zombies
  3 worms
  2 dart slugs (D:1)
  9 giant geckos
  28 orcs
  A ball python (D:6)
  6 giant cockroaches
  4 gnoll zombies (Ossuary)
  14 goblins
  10 hobgoblins
  A quokka (D:7)
  7 bats
  5 giant newts
  9 hobgoblin zombies (Ossuary)
  A jackal skeleton (D:4)
  A jackal zombie (D:5)
  13 kobolds
  4 kobold zombies (Ossuary)
  7 orc zombies (Ossuary)
  A quokka skeleton (D:8)
  6 rats
  4 fungi
  2 plants (Lair:8)
544 creatures vanquished.

Vanquished Creatures (collateral kills)
  A komodo dragon (Lair:2)
1 creature vanquished.

Vanquished Creatures (others)
  30 fulminant prisms
  16 fungi
  5 plants
51 creatures vanquished.

Grand Total: 596 creatures vanquished

Notes
Turn   | Place    | Note
--------------------------------------------------------------
     0 | D:1      | NoLuckNoSkill the Deep Elf Conjurer began the quest for the Orb.
     0 | D:1      | Reached XP level 1. HP: 10/10 MP: 6/6
   147 | D:1      | Reached XP level 2. HP: 15/15 MP: 1/8
   151 | D:1      | Learned a level 2 spell: Searing Ray
   600 | D:1      | Reached skill level 5 in Conjurations
   808 | D:1      | Reached skill level 4 in Spellcasting
   808 | D:1      | Reached XP level 3. HP: 19/19 MP: 5/10
   846 | D:2      | Learned a level 3 spell: Dazzling Spray
  1610 | D:3      | Noticed Robin
  1641 | D:3      | Killed Robin
  1641 | D:3      | Reached skill level 5 in Spellcasting
  1641 | D:3      | Reached XP level 4. HP: 24/24 MP: 3/13
  1820 | D:3      | Noticed Charly's ghost (weakling VSTm)
  1823 | D:3      | Killed Charly's ghost
  1985 | D:3      | Learned a level 4 spell: Iskenderun's Mystic Blast
  1990 | D:3      | Learned a level 4 spell: Fulminant Prism
  2190 | D:3      | Reached XP level 5. HP: 28/28 MP: 11/15
  2485 | D:4      | Reached skill level 6 in Spellcasting
  2793 | D:4      | Noticed an ogre
  2827 | D:4      | Killed an ogre
  2827 | D:4      | Reached skill level 7 in Spellcasting
  2827 | D:4      | Reached XP level 6. HP: 32/32 MP: 0/18
  2840 | D:4      | Learned a level 5 spell: Iskenderun's Battlesphere
  3166 | D:4      | Reached skill level 8 in Spellcasting
  3294 | D:4      | Noticed Natasha
  3297 | D:4      | Killed Natasha
  3367 | D:4      | Reached XP level 7. HP: 36/36 MP: 2/20
  3504 | D:4      | Noticed Natasha
  3512 | D:4      | Killed Natasha
  3667 | D:4      | Noticed Natasha
  3673 | D:4      | Killed Natasha
  3774 | D:5      | Entered Level 5 of the Dungeon
  3782 | D:5      | Noticed Dowan
  3789 | D:5      | Killed Dowan
  3789 | D:5      | Reached skill level 9 in Spellcasting
  3790 | D:5      | Noticed Duvessa
  3835 | D:4      | Killed Duvessa
  4027 | D:5      | Found a staircase to the Ecumenical Temple.
  4048 | Temple   | Entered the Ecumenical Temple
  4194 | Temple   | Became a worshipper of Vehumet
  4262 | D:5      | Noticed mistymad's ghost (novice MiBe)
  4278 | D:5      | Killed mistymad's ghost
  4278 | D:5      | Reached skill level 10 in Spellcasting
  4278 | D:5      | Reached XP level 8. HP: 37/41 MP: 2/24
  4494 | D:5      | Reached skill level 1 in Charms
  4601 | D:5      | Noticed Prince Ribbit
  4616 | D:5      | Killed Prince Ribbit
  4616 | D:5      | Reached skill level 11 in Spellcasting
  4941 | D:5      | Gained mutation: You evolve. [mutagenic meat]
  5093 | D:5      | Reached * piety under Vehumet
  5093 | D:5      | Offered knowledge of Sting by Vehumet.
  5097 | D:5      | Noticed Pikel
  5107 | D:5      | Killed Pikel
  5107 | D:5      | Reached skill level 12 in Spellcasting
  5107 | D:5      | Reached XP level 9. HP: 45/45 MP: 4/27
  5371 | D:6      | Reached skill level 5 in Dodging
  5419 | D:6      | Reached skill level 5 in Charms
  5633 | D:6      | Got a glittering tin ring
  5649 | D:6      | Identified the ring "Plog" {rElec rC+ MR+ SInv Stlth+} (You found it on level 6 of the Dungeon)
  5925 | D:6      | Gained mutation: Your spells are a little easier to cast, but a little less powerful. [mutagenic meat]
  6504 | D:7      | Found a white marble altar of Elyvilon.
  6505 | D:7      | Found a blossoming altar of Fedhas.
  6551 | D:7      | Noticed Joseph
  6557 | D:7      | Killed Joseph
  6557 | D:7      | Reached skill level 1 in Shields
  6557 | D:7      | Reached skill level 13 in Spellcasting
  6712 | D:7      | Reached ** piety under Vehumet
  6712 | D:7      | Offered knowledge of Sandblast by Vehumet.
  6724 | D:7      | Found a sand-covered staircase.
  6729 | Ossuary  | Entered an ossuary
  6947 | Ossuary  | Offered knowledge of Inner Flame by Vehumet.
  7059 | Ossuary  | Learned a level 3 spell: Inner Flame
  7133 | Ossuary  | Lost mutation: Your spells are a little easier to cast, but a little less powerful. [evolution]
  7228 | D:7      | Reached *** piety under Vehumet
  7228 | D:7      | Reached XP level 10. HP: 50/50 MP: 17/29
  7739 | D:8      | Reached skill level 1 in Fire Magic
  7742 | D:8      | Offered knowledge of Ignite Poison by Vehumet.
  8161 | D:8      | Learned a level 6 spell: Deflect Missiles
  8395 | D:8      | Reached skill level 1 in Air Magic
  8538 | D:8      | Reached **** piety under Vehumet
  8569 | D:8      | Found a staircase to the Lair.
  9222 | Lair:1   | Entered Level 1 of the Lair of Beasts
  9246 | Lair:1   | Identified a scroll of acquirement
  9247 | Lair:1   | Got an ichor-stained hat
  9258 | Lair:1   | Identified the +4 hat of Fomez {+Blink rF+ Str-3} (You acquired it on level 1 of the Lair of Beasts)
  9354 | Lair:1   | Offered knowledge of Fireball by Vehumet.
  9375 | Lair:1   | Learned a level 5 spell: Fireball
  9521 | Lair:1   | Noticed Harold
  9531 | Lair:1   | Killed Harold
  9533 | Lair:1   | Noticed a black mamba
  9537 | Lair:1   | Killed a black mamba
  9537 | Lair:1   | Reached skill level 14 in Spellcasting
  9669 | Lair:1   | Got an ichor-stained rapier
  9786 | Lair:1   | Noticed a spiny frog
  9792 | Lair:1   | Killed a spiny frog
  9840 | Lair:1   | Reached XP level 11. HP: 47/54 MP: 4/31
 10036 | Lair:1   | Reached skill level 10 in Conjurations
 11585 | Lair:2   | Reached skill level 5 in Air Magic
 12012 | Lair:2   | Noticed a seven-headed hydra
 12016 | Lair:2   | Killed a seven-headed hydra
 12258 | Lair:3   | Gained mutation: You possess an exceptional clarity of mind. [evolution]
 12258 | Lair:3   | Lost mutation: You evolve. [end of evolution]
 12278 | Lair:3   | Reached ***** piety under Vehumet
 12278 | Lair:3   | Offered knowledge of Irradiate by Vehumet.
 12890 | Lair:3   | Got a steaming long sword
 13473 | Lair:4   | Noticed Sonja
 13478 | Lair:4   | Killed Sonja
 13841 | Lair:4   | Noticed Urug
 13845 | Lair:4   | Killed Urug
 14148 | Lair:4   | Reached XP level 12. HP: 59/59 MP: 9/32
 14505 | Lair:4   | Found a staircase to the Swamp.
 14512 | Lair:4   | Reached skill level 10 in Charms
 15058 | Lair:5   | Reached skill level 15 in Spellcasting
 15291 | Lair:5   | Noticed a death yak
 15296 | Lair:5   | Noticed a death yak
 15297 | Lair:5   | Noticed a death yak
 15297 | Lair:5   | Killed a death yak
 15299 | Lair:5   | Noticed a death yak
 15300 | Lair:5   | Noticed a death yak
 15473 | Lair:5   | Noticed a death yak
 15512 | Lair:5   | Noticed a four-headed hydra
 15658 | Lair:5   | Killed a four-headed hydra
 15676 | Lair:5   | Killed a death yak
 15708 | Lair:5   | Killed a death yak
 16826 | Lair:6   | Noticed a seven-headed hydra
 16915 | Lair:6   | Killed a seven-headed hydra
 17253 | Lair:6   | Found a staircase to the Snake Pit.
 17653 | Lair:6   | Got a faintly glowing quarterstaff
 18175 | Lair:7   | Reached XP level 13. HP: 37/63 MP: 2/34
 18360 | Lair:1   | Learned a level 9 spell: Tornado
 18483 | Lair:7   | Offered knowledge of Iron Shot by Vehumet.
 18915 | Lair:7   | Reached skill level 10 in Air Magic
 19297 | Lair:7   | Reached skill level 10 in Dodging
 19877 | Lair:8   | Entered Level 8 of the Lair of Beasts
 19880 | Lair:8   | Noticed Nessos
 20203 | Lair:8   | Got an ivory arbalest
 20412 | Lair:8   | Noticed Snorg
 20651 | Lair:8   | Killed Snorg
 21361 | Lair:8   | Killed Nessos
 21968 | Lair:8   | Found a staircase to the Slime Pits.
 23324 | Lair:8   | Noticed a dire elephant
 23333 | Lair:8   | Slain by a dire elephant

Skill      XL: |  1  2  3  4  5  6  7  8  9 10 11 12 13 |
---------------+----------------------------------------+-----
Conjurations   | 5 6 7 8 9 10 11 | 11.7
Spellcasting   | 4 5 7 8 10 12 13 14 15 | 15.1
Charms         | 4 6 7 9 11 12 | 12.6
Dodging        | 4 6 8 9 10 | 10.1
Shields        | 1 3 4 |  4.0
Fire Magic     | 1 |  1.9
Air Magic      | 3 6 9 13 | 13.3
Stealth        | |  2.4

Action                   |  1- 3 |  4- 6 |  7- 9 | 10-12 | 13-15 || total
-------------------------+-------+-------+-------+-------+-------++-------
Melee: Dagger            |       |    33 |       |       |       ||    33
       Flail             |       |     6 |    60 |    19 |    81 ||   166
       Staff             |       |       |       |       |     1 ||     1
 Cast: Magic Dart        |    83 |    60 |   112 |   137 |    30 ||   422
       Searing Ray       |     4 |    17 |    44 |    48 |    11 ||   124
       Iskenderun's Myst |       |     4 |    51 |   236 |   194 ||   485
       Dazzling Spray    |       |       |     3 |     1 |       ||     4
       Iskenderun's Batt |       |       |     9 |    59 |    43 ||   111
       Fulminant Prism   |       |       |       |    26 |     5 ||    31
       Deflect Missiles  |       |       |       |     1 |       ||     1
 Abil: Evoke Blink       |       |       |       |     2 |       ||     2
Evoke: Staff of energy   |       |       |       |       |     8 ||     8
       Wand              |       |       |       |       |     1 ||     1
  Use: Scroll            |       |       |    11 |    16 |     1 ||    28
       Potion            |       |       |     9 |     2 |     1 ||    12
 Stab: Invisible         |       |       |     1 |       |       ||     1
  Eat: Chunk             |     2 |     6 |    14 |    25 |     1 ||    48
       Beef jerky        |       |       |     1 |     4 |     2 ||     7
       Pizza             |       |       |       |     3 |       ||     3
       Bread ration      |       |       |       |     1 |       ||     1
       Fruit             |       |       |       |       |     5 ||     5
       Meat ration       |       |       |       |       |     1 ||     1
Armor: Robe              |       |    11 |    53 |    55 |    40 ||   159
Dodge: Dodged            |     3 |    39 |   110 |   163 |   140 ||   455
       Deflected         |       |       |       |       |     7 ||     7
Block: Buckler           |       |       |       |    45 |    35 ||    80
       Reflection        |       |       |       |     1 |     4 ||     5
